 Dungeon Crawl Stone Soup version 0.23.0 (webtiles) character file.

Game seed: 187286956775524462

163989 Masnef the Devastator (level 17, -2/97 HPs)
             Began as a Tengu Enchanter on Feb 10, 2019.
             Was the Champion of Vehumet.
             Killed from afar by a thorn hunter (35 damage)
             ... with a volley of thorns
             ... on level 4 of the Swamp.
             The game lasted 04:56:39 (52262 turns).

Masnef the Devastator (Tengu Enchanter)            Turns: 52262, Time: 04:56:59

Health: -2/97      AC: 12    Str: 18    XL:     17   Next: 84%
Magic:  9/41       EV: 25    Int: 31    God:    Vehumet [******]
Gold:   2121       SH:  7    Dex: 18    Spells: 1/36 levels left

rFire    + + +     SeeInvis +   Y - +4 trident of Zillipn {flame, rElec Int+3}
rCold    . . .     Gourm    .   v - +2 buckler {rPois}
rNeg     + . .     Faith    .   P - +2 robe {MR+}
rPois    +         Spirit   .   m - +2 hat {SInv}
rElec    +         Reflect  .   L - +0 cloak "Jill" {rF++ rC+ Dex+2}
rCorr    .         Harm     .   B - +2 pair of gloves "Lawedac" {rN+ Str+4}
MR       ++...                  (boots unavailable)
Stlth    ++++......             G - amulet "Vidikh" {RegenMP Str+4 Int+3}
HPRegen  0.26/turn              o - ring of magical power
MPRegen  0.52/turn              j - ring "Jysedgh" {Fire Int+5}

@: flying quickly and evasively, quick
A: beak, talons 3, icy blue scales 2, deformed body, able to fly
a: Stop Flying, Renounce Religion


You were on level 4 of the Swamp.
You worshipped Vehumet.
Vehumet was exalted by your worship.
You were near starving.

You visited 5 branches of the dungeon, and saw 28 of its levels.
You also visited: Ossuary, Bailey, Gauntlet and Volcano.

You collected 3489 gold pieces.
You spent 1368 gold pieces at shops.

Inventory:

Hand Weapons
 W - a +5 dagger of electrocution
 Y - the +4 trident of Zillipn (weapon) {flame, rElec Int+3}
   (You found it in a bailey)

   It has been specially enchanted to burn those struck by it, causing extra
   injury to most foes and up to half again as much damage against particularly
   susceptible opponents.
   It affects your intelligence (+3).
   It insulates you from electricity.
Armour
 l - a +0 leather armour of cold resistance
 m - a +2 hat of see invisible (worn)
 v - a +2 buckler of poison resistance (worn)
 B - the +2 pair of gloves "Lawedac" (worn) {rN+ Str+4}
   (You found it on level 2 of the Swamp)

   It affects your strength (+4).
   It protects you from negative energy.
 L - the +0 cloak "Jill" (worn) {rF++ rC+ Dex+2}
   (You acquired it on level 1 of the Lair of Beasts)

   It affects your dexterity (+2).
   It greatly protects you from fire.
   It protects you from cold.
 P - a +2 robe of magic resistance (worn)
 S - a +2 robe of fire resistance
Jewellery
 j - the ring "Jysedgh" (right hand) {Fire Int+5}
   (You found it in a Gauntlet)

   [ring of fire]

   It enhances your fire magic.
   It affects your intelligence (+5).
   It protects you from fire.
   It makes you vulnerable to cold.
 o - a ring of magical power (left hand)
 y - a +3 ring of intelligence
 F - an uncursed ring of positive energy
 G - the amulet "Vidikh" (around neck) {RegenMP Str+4 Int+3}
   (You found it in a Gauntlet)

   [amulet of magic regeneration]

   It increases your magic regeneration.
   It affects your strength (+4).
   It affects your intelligence (+3).
 O - an uncursed amulet of regeneration
 T - an uncursed ring of protection from magic
Wands
 i - a wand of digging (18)
 p - a wand of flame (45)
 s - a wand of acid (7)
 N - a wand of paralysis (5)
 R - a wand of disintegration (25)
 V - a wand of scattershot (8)
Scrolls
 a - 2 scrolls of magic mapping
 b - a scroll of summoning
 g - a scroll of brand weapon
 n - 2 scrolls of immolation
 q - 3 scrolls of teleportation
 u - 4 scrolls of fear
 x - a scroll of blinking
 z - 7 scrolls of remove curse
 J - a scroll of amnesia
 Q - a scroll of holy word
 X - a scroll of silence
 Z - a scroll of identify
Potions
 c - 5 potions of mutation
 e - 4 potions of resistance
 f - 4 potions of ambrosia
 h - 5 potions of heal wounds
 k - 4 potions of agility
 t - 4 potions of haste
 w - 3 potions of brilliance
 A - 9 potions of curing
 C - 4 potions of flight
 E - a potion of cancellation
 H - 9 potions of lignification
 I - 7 potions of might
 K - 3 potions of magic
 M - 8 potions of degeneration
Miscellaneous
 r - a crystal ball of energy
Comestibles
 d - 30 rations
 D - 4 chunks of flesh


   Skills:
 - Level 7.9 Fighting
 - Level 5.2 Short Blades
 - Level 3.0 Polearms
 - Level 11.0 Dodging
 - Level 7.5 Stealth
 - Level 4.0 Shields
 - Level 10.0 Spellcasting
 - Level 20.0 Conjurations
 - Level 4.3 Hexes
 - Level 2.0 Necromancy
 - Level 2.0 Translocations
 - Level 13.5 Fire Magic
 - Level 4.0 Ice Magic
 * Level 16.6 Air Magic
   Level 2.3 Poison Magic


You had one spell level left.
You knew the following spells:

 Your Spells              Type           Power        Failure   Level  Hunger
a - Corona                Hex            #####..      1%          1    None
b - Ensorcelled Hibernat  Hex/Ice        #####.       1%          2    None
c - Confuse               Hex            #####...     1%          3    None
d - Dazzling Spray        Conj/Hex       ######       1%          3    None
e - Animate Skeleton      Necr           N/A          1%          1    None
f - Throw Icicle          Conj/Ice       ######..     1%          4    None
g - Orb of Destruction    Conj           #######...   1%          7    ######.
h - Fireball              Conj/Fire      ########..   1%          5    ###....
i - Blink                 Tloc           N/A          2%          2    None
j - Conjure Ball Lightni  Conj/Air       #######...   1%          6    #####..
k - Confusing Touch       Hex            #####.       1%          1    None

Your spell library contained the following spells:

 Spells                   Type           Power        Failure   Level  Hunger
 Flame Tongue             Conj/Fire      #####        0%          1    None
 Magic Dart               Conj           ####         0%          1    None
 Apportation              Tloc           ####..       1%          1    None
 Freeze                   Ice            ####         1%          1    None
 Pain                     Necr           ####         1%          1    None
 Beastly Appendage        Tmut           ###...       3%          1    None
 Summon Butterflies       Summ           ###.....     3%          1    None
 Summon Small Mammal      Summ           ###.         3%          1    None
 Conjure Flame            Conj/Fire      ########     0%          3    None
 Poisonous Vapours        Pois/Air       ######       1%          2    None
 Slow                     Hex            #####...     1%          2    None
 Throw Frost              Conj/Ice       ######       1%          2    None
 Inner Flame              Hex/Fire       #######.     1%          3    None
 Mephitic Cloud           Conj/Pois/Air  #######.     1%          3    None
 Tukima's Dance           Hex            #####...     1%          3    None
 Bolt of Magma            Conj/Fire/Erth #######...   1%          5    ###....
 Iskenderun's Battlesphe  Conj/Chrm      ######..     1%          5    ###....
 Venom Bolt               Conj/Pois      ######....   1%          5    ###....
 Portal Projectile        Hex/Tloc       #####.       2%          3    None
 Iron Shot                Conj/Erth      ######....   2%          6    #####..
 Call Imp                 Summ           ###.....     4%          2    None
 Ozocubu's Armour         Chrm/Ice       ####....     4%          3    None
 Vampiric Draining        Necr           ####......   4%          3    None
 Cause Fear               Hex            #####.....   5%          4    None
 Regeneration             Chrm/Necr      ###.......   6%          3    None
 Call Canine Familiar     Summ           ###.....     10%         3    None
 Yara's Violent Unravell  Hex/Tmut       ####......   11%         5    ###....
 Spellforged Servitor     Conj/Summ      ######....   12%         7    ######.
 Leda's Liquefaction      Hex/Erth       ####......   13%         4    None
 Animate Dead             Necr           N/A          14%         4    None
 Summon Ice Beast         Ice/Summ       ####....     14%         4    None
 Ignition                 Fire           #######...   21%         8    #######
 Ozocubu's Refrigeration  Ice            #####.....   24%         6    #####..
 Summon Mana Viper        Hex/Summ       ####....     36%         5    ###....
 Alistair's Intoxication  Tmut/Pois      ###.....     50%         5    ###....
 Summon Hydra             Summ           ###.......   100%        7    ######.


Dungeon Overview and Level Annotations

Branches:
Dungeon (15/15)            Temple (1/1) D:4            Lair (6/6) D:9
  Swamp (4/4) Lair:2       Spider (0/4) Lair:3        Slime (0/5) Lair:5
    Orc (2/2) D:10            Elf (0/3) Orc:2        Depths (0/5) D:15
 Vaults: D:13-14

Altars:
Ashenzari
Cheibriados
Dithmenos
Elyvilon
Gozag
Hepliaklqana
Kikubaaqudgha
Makhleb
Okawaru
Qazlal
Ru
Sif Muna
Trog
Uskayaw
Vehumet
Wu Jian
Zin
The Shining One
Beogh
Jiyva

Shops:
D:11 *   Orc:2 *[[=!*[*%

Portals:
Trove: D:14 (give +6 demon blade)

Annotations:
D:4 ice beast


Innate Abilities, Weirdness & Mutations

You have a beak for a mouth.
You have claws for feet.
You can fly continuously.
You are mostly covered in icy blue scales. (AC +3)
Armour fits poorly on your strangely shaped body.


Message History

You don't know that spell.
Casting: Orb of Destruction (safe; 1% risk of failure)
Confirm with . or Enter, or press ? or * to list all spells.
Aiming: Fireball (safe; 1% risk of failure)
Press: ? - help, Shift-Dir - straight line, f - eight-headed hydra
Aim: an eight-headed hydra (noxious fumes, moderately wounded)
You feel a surge of power!
The fireball explodes!
The fireball engulfs the eight-headed hydra!!
The eight-headed hydra is almost dead.
The fireball engulfs the six-headed hydra!!!
The six-headed hydra is heavily wounded.
Your ball lightning explodes!
The blast of lightning engulfs you. You resist.
The blast of lightning engulfs the eight-headed hydra!!
You kill the eight-headed hydra!
Vehumet accepts your kill.
You feel your power returning.
The thorn hunter fires a volley of thorns at you.
The volley of thorns hits you!!
You die...

. ≈≈≈≈♣ .≈≈≈ . .≈≈≈≈.≈≈
♣≈≈≈≈≈≈ ≈≈≈≈≈≈.≈
♣♣.≈≈≈≈^≈ ♣.≈≈..♣
♣♣♣.≈≈≈≈.♣
#.≈≈.♣♣♣♣♣..≈≈§≈≈♣♣♣ .
#≈≈≈*≈°♣♣<≈≈≈.≈.≈≈§ ≈..
♣≈≈§°°♣♣≈≈≈≈.... .≈≈≈≈
≈≈≈..##f≈.°°§°°≈≈≈.♣..
≈≈≈≈≈
≈≈[.....†*°♣@°≈v..♣♣
..≈≈≈≈
......##.D°♣.≈≈..≈♣
.P≈≈≈≈ ....#
♣°≈♣♣○≈°.♣♣♣♣♣♣§P≈≈≈≈
.##
.°♣♣♣°.°.†≈≈..≈.≈≈≈≈≈.
#≈..♣.≈..≈.≈≈÷≈≈≈.......
≈D≈.≈(≈≈♣..≈..≈≈≈≈.♣
≈.≈§≈≈≈≈.♣♣♣♣≈♣.≈≈.♣♣
≈......≈≈ ♣...)≈♣ ♣♣♣
.≈...... ♣♣.≈..♣♣ ♣≈≈♣♣


You could see a thorn hunter and an insubstantial wisp.

Vanquished Creatures
  Nikola (Swamp:2)
  Kirke (D:15)
  5 thorn hunters
  Donald (Orc:2)
  The ghost of Azzok the Cleaver, an adept GnBe of Trog (Lair:2)
  Nessos (Orc:2)
  The ghost of Deed the Peltast, a journeyman MiFi of Wu Jian (Lair:3)
  A yaktaur captain (D:15)
  The ghost of Infinimo the Basher, a journeyman KoBe of Trog (D:10)
  An ice dragon (Lair:6)
  A catoblepas (D:13)
  4 shambling mangroves
  The ghost of brittlin the Spear-Bearer, a journeyman MfSk of Fedhas (D:8)
  3 centaur warriors
  3 ghost crabs
  11 two-headed ogres
  10 alligators
  25 hydras
  6 death yaks
  3 tengu warriors (D:13)
  The ghost of Infinimo the Carver, a novice MfGl of Okawaru (D:8)
  2 ogre magi
  The ghost of lyphon the Thaumaturge, a novice FoWz of Sif Muna (D:8)
  6 spriggans
  A fire crab (Volcano)
  2 spriggan druids
  2 deep trolls (Orc:2)
  2 wizards
  An obsidian statue (Gauntlet)
  2 spectral hydras (Swamp:1)
  4 orc knights
  2 lindwurms (Lair:6)
  3 unseen horrors
  9 swamp dragons
  A necromancer (Gauntlet)
  2 manticores
  A wolf spider (Lair:6)
  2 orc sorcerers
  4 cyclopes
  14 elephants
  5 torpor snails (Lair:6)
  A guardian serpent (Lair:6)
  9 black mambas
  A spectral spriggan (Swamp:1)
  2 kobold demonologists (Bailey)
  2 gargoyles
  26 spiny frogs
  A rime drake (Lair:5)
  A yaktaur (D:15)
  10 komodo dragons
  6 polar bears
  14 trolls
  A harpy zombie (D:15)
  A tengu conjurer (D:13)
  17 tyrant leeches
  24 hornets
  5 dream sheep (Lair:4)
  2 spectral dream sheep (Lair:3)
  10 slime creatures
  17 blink frogs
  10 bog bodies
  13 hippogriffs
  5 flying skulls (Gauntlet)
  5 shadows
  A water elemental (D:13)
  A redback (Lair:6)
  2 wraiths
  A fire bat (shapeshifter) (D:14)
  4 fire bats (Volcano)
  A vampire (D:14)
  11 wyverns
  A spectral komodo dragon (Lair:3)
  36 yaks
  2 hogs (D:15)
  3 basilisks
  11 vampire mosquitoes
  A death yak simulacrum (Lair:3)
  2 steam dragons (Volcano)
  A hungry ghost (D:6)
  2 wargs (Orc:1)
  Edmund (D:6)
  11 swamp worms
  A spectral spiny frog (Lair:3)
  17 water moccasins
  2 soldier ants
  The ghost of GordonOverkill the Purveyor of Pain, an amateur OpNe of Kikubaaqudgha (D:5)
  A hydra simulacrum (Lair:3)
  6 insubstantial wisps
  2 hell hounds (Volcano)
  A meliai simulacrum (D:14)
  8 swamp drakes
  5 porcupines
  30 orc warriors
  2 phantoms
  2 black bears
  6 ice beasts
  3 necrophages
  2 sky beasts
  11 wolves
  9 centaurs
  A hornet zombie (D:12)
  31 ogres
  3 big kobolds
  14 crocodiles
  20 bullfrogs
  A water moccasin zombie (D:8)
  A wyvern skeleton (D:10)
  4 scorpions
  9 killer bees
  10 wights
  2 howler monkeys
  8 electric eels
  6 crimson imps
  A bullfrog zombie (D:7)
  5 jellies
  3 quasits
  A komodo dragon simulacrum (Lair:3)
  A centaur zombie (D:12)
  5 hounds
  12 orc priests
  8 centaur skeletons
  18 orc wizards
  3 bullfrog skeletons
  Natasha (thrice) (D:4)
  A spectral swamp drake (Swamp:1)
  10 worker ants
  A big kobold zombie (Ossuary)
  3 mummies (Ossuary)
  A hound zombie (D:5)
  2 hound skeletons
  2 worker ant zombies
  10 gnolls
  13 adders
  2 shadow imps
  A swamp drake simulacrum (Swamp:1)
  An adder skeleton (D:6)
  2 worms
  7 leopard geckos
  106 orcs
  A ball python (D:9)
  7 bats
  3 giant cockroaches
  18 goblins
  11 hobgoblins
  9 jackals
  6 quokkas
  4 frilled lizards
  2 goblin zombies
  3 hobgoblin zombies (Ossuary)
  2 jackal skeletons (D:4)
  23 kobolds
  3 kobold zombies (Ossuary)
  A quokka zombie (D:7)
  5 rats
  11 briar patches (Swamp:4)
  2 plants
975 creatures vanquished.

Vanquished Creatures (collateral kills)
  A minotaur (Gauntlet)
1 creature vanquished.

Vanquished Creatures (others)
  43 ball lightnings
  A shadow (Swamp:2)
  A hound (D:10)
  4 briar patches (Swamp:4)
  8 fungi
  40 plants
97 creatures vanquished.

Grand Total: 1073 creatures vanquished

Notes
Turn   | Place    | Note
-------+----------+-------------------------------------------
     0 | D:1      | Masnef the Tengu Enchanter began the quest for the Orb.
     0 | D:1      | Reached XP level 1. HP: 10/10 MP: 4/4
   787 | D:1      | Reached XP level 2. HP: 14/15 MP: 6/6
   815 | D:1      | Learned a level 2 spell: Ensorcelled Hibernation
  1744 | D:2      | Found a burning altar of Makhleb.
  1957 | D:2      | Reached XP level 3. HP: 19/19 MP: 7/7
  2076 | D:2      | Found a white marble altar of Elyvilon.
  2238 | D:2      | Reached skill level 1 in Ice Magic
  2318 | D:2      | Learned a level 3 spell: Confuse
  3414 | D:2      | Found a hazy altar of Hepliaklqana.
  4059 | D:3      | Reached XP level 4. HP: 24/24 MP: 5/8
  4083 | D:2      | Gained mutation: You are partially covered in icy blue
                  | scales. (AC +2) [potion of mutation]
  4083 | D:2      | Gained mutation: Armour fits poorly on your strangely
                  | shaped body. [potion of mutation]
  4083 | D:2      | Gained mutation: You are mostly covered in icy blue scales.
                  | (AC +3) [potion of mutation]
  4563 | D:3      | Found an iron altar of Okawaru.
  4598 | D:3      | Found a hide-covered altar of Uskayaw.
  5137 | D:3      | Found a glowing golden altar of the Shining One.
  5276 | D:4      | Noticed a phantom
  6210 | D:4      | Killed a phantom
  6210 | D:4      | Gained mutation: You can fly continuously. [Tengu growth]
  6210 | D:4      | Reached XP level 5. HP: 10/28 MP: 3/9
  6685 | D:4      | Found a staircase to the Ecumenical Temple.
  6687 | D:4      | Noticed Natasha
  6701 | D:4      | Killed Natasha
  6719 | Temple   | Entered the Ecumenical Temple
  6855 | Temple   | Became a worshipper of Vehumet
  6892 | D:4      | Reached XP level 6. HP: 27/32 MP: 7/10
  7028 | D:4      | Noticed Natasha
  7039 | D:4      | HP: 1/33 [Natasha/wand of flame (23) (10)]
  7343 | D:4      | Killed Natasha
  7392 | D:4      | Noticed Natasha
  7463 | D:4      | Killed Natasha
  7684 | D:4      | Learned a level 3 spell: Dazzling Spray
  7975 | D:5      | Entered Level 5 of the Dungeon
  8061 | D:5      | Noticed an ice beast
  8498 | D:5      | Reached skill level 1 in Fighting
  8876 | D:5      | Reached skill level 1 in Conjurations
  8876 | D:5      | Reached XP level 7. HP: 38/38 MP: 12/12
  8937 | D:5      | Found an ornate altar of the Wu Jian Council.
  9026 | D:5      | Noticed GordonOverkill's ghost (amateur OpNe)
  9027 | D:5      | Found a runed translucent door.
  9420 | D:5      | Killed GordonOverkill's ghost
  9625 | D:6      | Noticed a hippogriff
  9648 | D:6      | Killed a hippogriff
  9648 | D:6      | Reached skill level 2 in Conjurations
  9924 | D:6      | Reached XP level 8. HP: 43/45 MP: 14/14
  9957 | D:6      | Noticed Edmund
 10009 | D:6      | Killed Edmund
 10009 | D:6      | Reached skill level 1 in Shields
 10009 | D:6      | Reached skill level 3 in Conjurations
 10257 | D:6      | Reached * piety under Vehumet
 10257 | D:6      | Offered knowledge of Magic Dart by Vehumet.
 11126 | D:6      | Learned a level 1 spell: Animate Skeleton
 11301 | D:7      | Reached skill level 4 in Conjurations
 11361 | D:7      | Found a sand-covered staircase.
 11368 | Ossuary  | Entered an ossuary
 11368 | Ossuary  | Noticed a wraith
 11368 | Ossuary  | Noticed a wraith
 11368 | Ossuary  | Noticed a wraith
 11453 | Ossuary  | Reached skill level 1 in Necromancy
 11736 | Ossuary  | Noticed a wraith
 11749 | Ossuary  | Killed a wraith
 11749 | Ossuary  | Reached XP level 9. HP: 36/51 MP: 17/17
 12649 | D:6      | Reached skill level 5 in Spellcasting
 12697 | D:7      | Reached skill level 5 in Conjurations
 13185 | D:7      | Reached ** piety under Vehumet
 13221 | D:7      | Offered knowledge of Sandblast by Vehumet.
 13227 | D:7      | Learned a level 4 spell: Throw Icicle
 13357 | D:7      | Found a snail-covered altar of Cheibriados.
 13590 | D:7      | Reached skill level 6 in Conjurations
 14596 | D:8      | Noticed a two-headed ogre
 14623 | D:8      | Killed a two-headed ogre
 14623 | D:8      | Reached skill level 5 in Fighting
 14623 | D:8      | Reached skill level 5 in Dodging
 14623 | D:8      | Reached skill level 7 in Conjurations
 14623 | D:8      | Reached XP level 10. HP: 43/60 MP: 18/18
 15291 | D:8      | Offered knowledge of Ignite Poison by Vehumet.
 15339 | D:8      | Learned a level 3 spell: Ignite Poison
 15353 | D:8      | Reached skill level 8 in Conjurations
 15511 | D:8      | Reached skill level 1 in Fire Magic
 15511 | D:8      | Reached skill level 1 in Poison Magic
 15994 | D:8      | Found a runed translucent gate.
 15994 | D:8      | Found a runed translucent gate.
 15994 | D:8      | Found a runed translucent gate.
 16031 | D:8      | Noticed brittlin's ghost (journeyman MfSk)
 16032 | D:8      | Noticed lyphon's ghost (novice FoWz)
 16032 | D:8      | Noticed Infinimo's ghost (novice MfGl)
 16357 | D:9      | Noticed a two-headed ogre
 16370 | D:9      | Killed a two-headed ogre
 16530 | D:9      | Reached *** piety under Vehumet
 16655 | D:9      | Found a sacrificial altar of Ru.
 16671 | D:9      | Reached skill level 5 in Stealth
 16773 | D:9      | Found a staircase to the Lair.
 16894 | D:9      | Found an ancient bone altar of Kikubaaqudgha.
 17077 | D:9      | Reached skill level 9 in Conjurations
 17083 | D:9      | Offered knowledge of Olgreb's Toxic Radiance by Vehumet.
 17605 | D:9      | Reached XP level 11. HP: 64/64 MP: 19/19
 17839 | D:10     | Entered Level 10 of the Dungeon
 17997 | D:10     | Found a flagged portal.
 18008 | D:10     | Reached **** piety under Vehumet
 18026 | Bailey   | Entered a bailey
 18347 | Bailey   | Found an iron altar of Okawaru.
 18350 | Bailey   | Offered knowledge of Stone Arrow by Vehumet.
 18982 | Bailey   | Noticed an orc knight
 18995 | Bailey   | Killed an orc knight
 19029 | Bailey   | Identified the Volume of Unstable Heat
 19131 | Bailey   | Noticed an orc knight
 19287 | Bailey   | Killed an orc knight
 19287 | Bailey   | Reached skill level 10 in Conjurations
 19376 | Bailey   | Got a jewelled trident
 19377 | Bailey   | Identified the +4 trident of Zillipn {flame, rElec Int+3}
                  | (You found it in a bailey)
 19474 | D:10     | Noticed an orc knight
 19884 | D:10     | Reached skill level 1 in Polearms
 19884 | D:10     | Reached skill level 5 in Fire Magic
 20187 | D:10     | Reached ***** piety under Vehumet
 20187 | D:10     | Offered knowledge of Sticky Flame by Vehumet.
 20401 | D:10     | Killed an orc knight
 20518 | D:10     | Found a runed translucent door.
 20536 | D:10     | Noticed Infinimo's ghost (journeyman KoBe)
 20650 | D:10     | Found a staircase to the Orcish Mines.
 20650 | D:10     | You are sucked into a shaft for 3 floors!
 20781 | D:13     | Noticed a centaur warrior
 21429 | D:12     | Learned a level 5 spell: Fireball
 21477 | D:12     | Noticed a two-headed ogre
 21525 | D:12     | Killed a two-headed ogre
 21525 | D:12     | Reached XP level 12. HP: 28/71 MP: 22/22
 21930 | D:12     | Noticed a seven-headed hydra
 21989 | D:12     | Noticed a six-headed hydra
 22058 | D:11     | Reached skill level 11 in Conjurations
 23110 | Lair:1   | Entered Level 1 of the Lair of Beasts
 23798 | Lair:2   | Noticed a death yak
 23808 | Lair:2   | Noticed a death yak
 24104 | Lair:1   | Killed a death yak
 24115 | Lair:2   | Noticed a death yak
 24115 | Lair:2   | Noticed a death yak
 24115 | Lair:2   | Noticed a death yak
 24115 | Lair:2   | Noticed a death yak
 24325 | Lair:1   | Killed a death yak
 24325 | Lair:1   | Reached skill level 12 in Conjurations
 24329 | Lair:1   | Learned a level 2 spell: Blink
 24417 | Lair:1   | Got a polished cloak
 24423 | Lair:1   | Identified the +0 cloak "Jill" {rF++ rC+ Dex+2} (You
                  | acquired it on level 1 of the Lair of Beasts)
 24526 | Lair:2   | Killed a death yak
 24851 | Lair:2   | Found a staircase to the Swamp.
 25103 | Lair:2   | Killed a death yak
 25489 | Lair:1   | Killed a death yak
 25489 | Lair:1   | Reached skill level 13 in Conjurations
 25489 | Lair:1   | Reached XP level 13. HP: 55/76 MP: 7/25
 25978 | Lair:3   | Found a hole to the Spider Nest.
 26355 | Lair:3   | Found a runed translucent gate.
 26355 | Lair:3   | Found a runed translucent gate.
 26355 | Lair:3   | Found a runed translucent gate.
 26358 | Lair:3   | Noticed Deed's ghost (journeyman MiFi)
 26686 | Lair:3   | Reached skill level 14 in Conjurations
 28705 | Lair:4   | Reached skill level 15 in Conjurations
 28774 | Lair:4   | Reached skill level 10 in Dodging
 28774 | Lair:4   | Reached skill level 10 in Fire Magic
 28979 | Lair:5   | Reached XP level 14. HP: 82/82 MP: 20/27
 29006 | Lair:5   | Reached skill level 1 in Translocations
 29212 | Lair:5   | Found a viscous altar of Jiyva.
 29213 | Lair:5   | Found a staircase to the Slime Pits.
 29620 | Lair:6   | Entered Level 6 of the Lair of Beasts
 29709 | Lair:5   | Offered knowledge of Ozocubu's Refrigeration by Vehumet.
 31079 | Lair:6   | Reached skill level 16 in Conjurations
 31554 | Lair:6   | Offered knowledge of Lightning Bolt by Vehumet.
 31561 | Lair:6   | Learned a level 5 spell: Lightning Bolt
 31641 | Lair:6   | Reached skill level 1 in Air Magic
 31812 | Lair:6   | Paralysed by a hornet for 2 turns
 32219 | Lair:6   | Reached skill level 5 in Air Magic
 32740 | Lair:6   | Found a runed translucent door.
 34128 | Lair:3   | Got a faintly glowing quarterstaff
 34129 | Lair:3   | Identified the +4 quarterstaff of Peril {holy, rF+} (You
                  | found it on level 3 of the Lair of Beasts)
 34905 | D:10     | Killed Infinimo's ghost
 34905 | D:10     | Reached XP level 15. HP: 61/88 MP: 11/28
 35175 | Lair:3   | Killed Deed's ghost
 35472 | D:8      | Killed lyphon's ghost
 35510 | D:8      | Killed brittlin's ghost
 35510 | D:8      | Reached skill level 17 in Conjurations
 35516 | D:8      | Killed Infinimo's ghost
 35656 | D:10     | Found a roughly hewn altar of Beogh.
 35865 | Orc:1    | Entered Level 1 of the Orcish Mines
 35875 | Orc:1    | Found a burning altar of Makhleb.
 35886 | Orc:1    | Found a dark tunnel.
 35902 | Volcano  | Entered a volcano
 37357 | Orc:2    | Entered Level 2 of the Orcish Mines
 37375 | Orc:2    | Noticed Nessos
 37636 | Orc:2    | Offered knowledge of Bolt of Cold by Vehumet.
 37763 | Orc:2    | Found Idag's General Store.
 37775 | Orc:2    | Noticed Donald
 37819 | Orc:2    | Found a staircase to the Elven Halls.
 38028 | Orc:1    | Reached skill level 5 in Short Blades
 39169 | Orc:2    | Killed Nessos
 39339 | Orc:2    | Found Kok Ifukk's Armour Emporium.
 39345 | Orc:2    | Found Gonaizacw's Jewellery Shoppe.
 39352 | Orc:2    | Found Igrelaiw's Distillery.
 39353 | Orc:2    | Found Heniaf's Armour Boutique.
 39391 | Orc:2    | Reached skill level 18 in Conjurations
 39576 | Orc:2    | Found Wiocef's Armour Shoppe.
 39617 | Orc:2    | Bought a potion of heal wounds for 75 gold pieces
 39617 | Orc:2    | Bought a potion of haste for 150 gold pieces
 39617 | Orc:2    | Bought a potion of magic for 120 gold pieces
 39655 | Orc:2    | Bought a potion of curing for 48 gold pieces
 39655 | Orc:2    | Bought a scroll of identify for 32 gold pieces
 39681 | Orc:2    | Found Woisch's Assorted Antiques.
 39689 | Orc:2    | Bought a scroll of amnesia for 133 gold pieces
 39737 | Orc:2    | Found Lenegara's Assorted Antiques.
 40180 | Orc:2    | Found Lipt's Food Boutique.
 40324 | Orc:2    | Bought a scroll of teleportation for 90 gold pieces
 40510 | Orc:2    | Learned a level 1 spell: Confusing Touch
 40738 | Orc:2    | Bought an uncursed amulet of regeneration for 510 gold
                  | pieces
 40790 | Orc:2    | Killed Donald
 41014 | D:11     | Found a glowing golden altar of the Shining One.
 41020 | D:11     | Found Giarhog's Hallowed Reliquary.
 41028 | D:11     | Noticed an angel
 41059 | D:11     | Bought a potion of heal wounds for 60 gold pieces
 41059 | D:11     | Bought a potion of heal wounds for 60 gold pieces
 41059 | D:11     | Bought a scroll of holy word for 90 gold pieces
 41630 | D:12     | Reached skill level 10 in Air Magic
 42501 | D:14     | Reached XP level 16. HP: 81/92 MP: 25/29
 43162 | D:14     | Found a portal to a secret trove of treasure.
 43450 | D:14     | You are sucked into a shaft!
 43450 | D:15     | Entered Level 15 of the Dungeon
 43524 | D:15     | Found a gate leading to a gauntlet.
 43538 | Gauntlet | Entered a Gauntlet
 43538 | Gauntlet | Found a transporter.
 43549 | Gauntlet | Found a transporter.
 43551 | Gauntlet | Found a transporter.
 43567 | Gauntlet | Found a runed translucent door.
 43571 | Gauntlet | Found a transporter.
 43595 | Gauntlet | Found a transporter.
 43615 | Gauntlet | Found a transporter.
 43629 | Gauntlet | Found a transporter.
 43641 | Gauntlet | Found a transporter.
 43655 | Gauntlet | Found a transporter.
 43674 | Gauntlet | Found a transporter.
 43694 | Gauntlet | Found a transporter.
 43860 | Gauntlet | Got a clouded glass ring
 43862 | Gauntlet | Identified the ring "Jysedgh" {Fire Int+5} (You found it in
                  | a Gauntlet)
 43963 | Gauntlet | Found a transporter.
 43964 | Gauntlet | Found a transporter.
 43999 | Gauntlet | Offered knowledge of Poison Arrow by Vehumet.
 44121 | Gauntlet | Got a fine bone amulet
 44126 | Gauntlet | Identified the amulet "Vidikh" {RegenMP Str+4 Int+3} (You
                  | found it in a Gauntlet)
 44776 | D:15     | Noticed Kirke
 44782 | D:15     | Killed Kirke
 45247 | D:15     | Found a staircase to the Depths.
 45487 | Swamp:1  | Entered Level 1 of the Swamp
 45846 | Swamp:1  | Found a transporter.
 45848 | Swamp:1  | Noticed Azzok's ghost (adept GnBe)
 46110 | Swamp:1  | Found a transporter.
 46288 | Swamp:1  | Got an encrusted broad axe
 46289 | Swamp:1  | Identified the +7 broad axe "Asta Coo" {freeze, rN+} (You
                  | found it on level 1 of the Swamp)
 46997 | Lair:1   | Learned a level 7 spell: Orb of Destruction
 47070 | Lair:2   | Killed Azzok's ghost
 47283 | Swamp:2  | Noticed a thorn hunter
 47287 | Swamp:2  | Killed a thorn hunter
 47336 | Swamp:2  | Noticed Nikola
 47493 | Swamp:1  | Offered knowledge of Bolt of Fire by Vehumet.
 47678 | Swamp:2  | Noticed a thorn hunter
 48287 | Swamp:2  | Killed Nikola
 48396 | Swamp:2  | Killed a thorn hunter
 48407 | Swamp:2  | Reached XP level 17. HP: 93/97 MP: 11/31
 48494 | Swamp:2  | Reached skill level 19 in Conjurations
 49014 | Swamp:2  | Identified Sif Muna's Compendium of Icy Contamination
 49257 | Swamp:2  | Got a pair of slimy gloves
 49263 | Swamp:2  | Identified the +2 pair of gloves "Lawedac" {rN+ Str+4} (You
                  | found it on level 2 of the Swamp)
 50579 | Swamp:3  | Reached skill level 15 in Air Magic
 50907 | Swamp:4  | Entered Level 4 of the Swamp
 50949 | Swamp:3  | Offered knowledge of Conjure Ball Lightning by Vehumet.
 50961 | Swamp:3  | Learned a level 6 spell: Conjure Ball Lightning
 51032 | Swamp:4  | Reached skill level 20 in Conjurations
 51288 | Swamp:4  | Reached skill level 10 in Spellcasting
 52261 | Swamp:4  | Reached ****** piety under Vehumet
 52262 | Swamp:4  | Killed from afar by a thorn hunter

Skill      XL: |  1  2  3  4  5  6  7  8  9 10 11 12 13 14 15 16 17 |
---------------+----------------------------------------------------+-----
Ice Magic      | 1 2 3 4 |  4.0
Hexes          | 3 4 |  4.3
Fighting       | 1 2 3 5 6 7 |  7.9
Conjurations   | 1 2 4 7 9 10 13 15 16 18 20 | 20.0
Spellcasting   | 3 4 5 6 7 8 9 10 | 10.0
Short Blades   | 2 3 5 |  5.2
Shields        | 2 4 |  4.0
Dodging        | 3 5 6 7 8 10 11 | 11.0
Necromancy     | 1 2 |  2.0
Fire Magic     | 3 5 8 10 11 12 13 | 13.5
Poison Magic   | 2 |  2.3
Stealth        | 6 7 |  7.5
Polearms       | 3 |  3.0
Translocations | 2 |  2.0
Air Magic      | 7 10 13 16 | 16.6

Action                   |  1- 3 |  4- 6 |  7- 9 | 10-12 | 13-15 | 16-18 || total
-------------------------+-------+-------+-------+-------+-------+-------++-------
Melee: Dagger            |    91 |    16 |   234 |   591 |   837 |   339 ||  2108
       Kick              |    14 |    38 |    77 |   165 |   250 |   107 ||   651
       Peck              |     8 |    19 |    35 |    97 |   155 |    59 ||   373
       Short sword       |       |   134 |     3 |       |       |       ||   137
       Trident           |       |       |       |    17 |     6 |    34 ||    57
 Cast: Ensorcelled Hiber |    23 |    34 |    32 |   111 |   150 |    14 ||   364
       Corona            |     2 |     1 |     5 |     1 |       |       ||     9
       Confuse           |       |    38 |    58 |   123 |   166 |    38 ||   423
       Dazzling Spray    |       |     2 |    13 |   110 |   121 |    27 ||   273
       Animate Skeleton  |       |       |     2 |       |       |       ||     2
       Throw Icicle      |       |       |     1 |    78 |   121 |    94 ||   294
       Ignite Poison     |       |       |       |     2 |       |       ||     2
       Fireball          |       |       |       |    28 |   112 |    78 ||   218
       Blink             |       |       |       |     1 |    43 |    24 ||    68
       Lightning Bolt    |       |       |       |       |    10 |    35 ||    45
       Confusing Touch   |       |       |       |       |     2 |     2 ||     4
       Orb of Destructio |       |       |       |       |       |    38 ||    38
       Conjure Ball Ligh |       |       |       |       |       |    18 ||    18
 Abil: Fly               |       |     1 |       |       |       |       ||     1
Evoke: Wand              |       |       |       |     6 |     4 |       ||    10
  Use: Scroll            |     2 |     3 |     6 |    17 |    17 |    14 ||    59
       Potion            |       |     4 |     1 |     1 |     4 |     1 ||    11
 Stab: Sleeping          |    16 |    27 |    34 |    56 |    77 |    25 ||   235
       Confused          |       |     9 |    12 |    45 |    59 |    18 ||   143
       Invisible         |       |     2 |     5 |    15 |    18 |     7 ||    47
       Distracted        |       |       |     1 |     4 |     2 |       ||     7
       Paralysed         |       |       |       |     1 |       |       ||     1
  Eat: Chunk             |     4 |     9 |     9 |    37 |    51 |    23 ||   133
       Ration            |     2 |     4 |     5 |     6 |    12 |    12 ||    41
Armor: Robe              |    41 |    20 |    23 |    52 |    86 |    51 ||   273
Dodge: Dodged            |    72 |    96 |   129 |   383 |   744 |   375 ||  1799
Block: Buckler           |       |       |    31 |   139 |   278 |   139 ||   587
